 Dungeon Crawl Stone Soup version 0.31-a0-806-g0bc164a743 (webtiles) character file.

Game seed: 11257347838018784235

51 dynsetu the Cudgeller (level 4, 22/22 HPs)
             Began as a Meteoran Cinder Acolyte on Sept 21, 2023.
             Was a High Priest of Ignis.
             Got out of the dungeon alive.
             The game lasted 00:06:00 (1417 turns).

dynsetu the Cudgeller (Meteoran Cinder Acolyte)     Turns: 1417, Time: 00:06:01

Health: 22/22      AC:  3    Str: 17    XL:     4   Next: 27%
Magic:  7/7        EV: 11    Int: 16    God:    Ignis [*****.]
Gold:   86         SH:  0    Dex:  9    Spells: 6/6 levels left

rFire   + . .        a - -1 mace (flame)
rCold   . . .        (no shield)
rNeg    . . .        b - +0 robe
rPois   .            (no helmet)
rElec   .            (no cloak)
rCorr   .            (no gloves)
SInv    .            d - +0 pair of boots
Will    .....        (no amulet)
Stlth   +            (no ring)
HPRegen 0.23/turn    (no ring)
MPRegen 0.10/turn

%: no passive effects
@: glowing
A: sense surroundings 1, otherworldly, glowing, explore regen
a: Renounce Religion, Fiery Armour, Foxfire Swarm, Rising Flame


You escaped.
You worshipped Ignis.
Ignis was extremely pleased with you.
You visited 1 branch of the dungeon, and saw 2 of its levels.

You collected 86 gold pieces.

Inventory:

Hand Weapons
 a - a -1 mace of flaming (weapon)
Missiles
 l - 4 boomerangs
Armour
 b - a +0 robe (worn)
 d - a +0 pair of boots (worn)
Jewellery
 j - an amulet of faith
Scrolls
 f - 3 scrolls of identify {unknown}
 g - a scroll of brand weapon {unknown}
 i - a scroll of noise {unknown}
 k - a scroll of vulnerability {unknown}
Potions
 c - a potion of enlightenment {unknown}
 e - 2 potions of cancellation {unknown}
 h - a potion of degeneration {unknown}
 m - a potion of curing {unknown}


   Skills:
 + Level 3.7 Fighting
 + Level 5.3 Maces & Flails
 + Level 1.1 Dodging
 + Level 1.6 Spellcasting
 + Level 3.7 Fire Magic


You had 6 spell levels left.
You didn't know any spells.
Your spell library contained the following spells:

 Spells                   Type           Power      Damage    Failure   Level
 Scorch                   Fire           26%        2d6       7%          2
 Magic Dart               Conj           4%         1d3       22%         1
 Call Imp                 Summ           2%         N/A       32%         2
 Ensorcelled Hibernation  Hex/Ice        2%         N/A       32%         2
 Jinxbite                 Hex            2%         N/A       32%         2
 Mephitic Cloud           Conj/Pois/Air  1%         N/A       54%         3
 Anguish                  Hex/Necr       0%         N/A       91%         4


Dungeon Overview and Level Annotations

Branches:
Dungeon (2/15) Zot: 168

Altars:

Shops:
D:1 (=


Innate Abilities, Weirdness & Mutations

You passively map a small area around you.
You are easily found by Zot.
You glow in the dark.
You regain HP and MP as you explore.


Message History

You see here an adder corpse.
You see here a +0 short sword.
Zot draws nearer.
Dive deeper or flee this branch before you suffer!
Zot has nearly found you.
Suffering is imminent.
Descend or flee this branch!
Found 4 boomerangs.
Zot's power touches on you...
You see here 4 boomerangs.
l - 4 boomerangs A goblin comes into view.
It is wielding a +0 club.
The goblin shouts!
The goblin unwields a +0 club.
The goblin wields a +0 sling.
The goblin shoots a sling bullet.
The sling bullet barely misses you.
The goblin shoots a sling bullet.
The sling bullet closely misses you.
The goblin unwields a +0 sling.
The goblin wields a +0 club.
The goblin hits you with a +0 club.
You hit the goblin but do no damage. The goblin hits you with a +0 club.
You hit the goblin but do no damage. The goblin barely misses you.
You closely miss the goblin. You punch the goblin.
You kill the goblin!
No target in view!
No target in view!
Things that are here:
a +0 club; a +0 sling; a goblin corpse
Found 5 stones.
You see here 5 stones.
m - a glowing brown potion You have lingered too long.
Zot senses you.
Dive deeper or flee this branch before you suffer!
Zot draws nearer.
Dive deeper or flee this branch before you suffer!
Zot has nearly found you.
Suffering is imminent.
Descend or flee this branch!
There is a stone staircase leading up here.
Zot's power touches on you...
Buggy note passed: unknown note type
There is a stone staircase leading up here.
You climb upwards.
There is a stone staircase leading down here.
There is an open door here.
There is an open door here.
There is an open gate here.
There is a staircase leading out of the dungeon here.
You have escaped!

##############.# #.#
.............#.# #.#
############.#.# ### #.### #.#.#
#.###...## #.### ##.#.....##
###########♣♣♣♣♣##.......#
#.........#♣...♣#........#
#.################.......##### #
#.# #.@.#.............. ####.#
#...#.###....#####. ..)..#
#######'''########### #. ..).##
#⌠............'...'.####. ###.#
#⌠............#####......
###.#######..##...##..# #.#####..
........# #..##...##..# #>...##.#
.##.#####♣#...........#♣#......##
.##.# ♣#...........#♣##.#.#..#


There were no monsters in sight!

Vanquished Creatures
  An adder (D:2)
  2 dart slugs (D:1)
  3 ball pythons
  6 endoplasms (D:1)
  3 giant cockroaches (D:1)
  A hobgoblin (D:1)
  3 quokkas (D:1)
  5 bats
  4 goblins
  2 kobolds
  3 rats
33 creatures vanquished.

Notes
Turn   | Place    | Note
-------+----------+-------------------------------------------
     0 | D:1      | dynsetu the Meteoran Cinder Acolyte began the quest for the
                  | Orb.
     0 | D:1      | Reached XP level 1. HP: 19/19 MP: 3/3
   101 | D:1      | Found Fiowaopn's Jewellery Shoppe.
   123 | D:1      | Reached XP level 2. HP: 26/26 MP: 3/5
   129 | D:1      | Found Neifyem's Weapon Emporium.
   364 | D:1      | Reached XP level 3. HP: 29/31 MP: 6/6
   472 | D:1      | Reached skill level 1 in Dodging
   586 | D:1      | Reached skill level 5 in Maces & Flails
  1063 | D:2      | Reached XP level 4. HP: 35/39 MP: 7/7
  1085 | D:2      | Glimpsed the power of Zot.
  1135 | D:2      | Glimpsed the power of Zot.
  1175 | D:2      | Glimpsed the power of Zot.
  1185 | D:2      | Touched by the power of Zot (MHP 40 -> 31)
  1285 | D:2      | Glimpsed the power of Zot.
  1335 | D:2      | Glimpsed the power of Zot.
  1375 | D:2      | Glimpsed the power of Zot.
  1385 | D:2      | Touched by the power of Zot (MHP 30 -> 22)
  1417 | D:$      | Got out of the dungeon alive.

Illustrated notes

Levels and vault maps discovered:
D:1:      beargit_arrival_diablo_church, layout_loops_ring, serial_shops, shop,
          nicolae_shop_trees
D:2:      layout_loops_ring, minivault_4, kennysheep_doodads

Skill      XL: |  1  2  3 |
---------------+----------+-----
Dodging        | 1 |  1.1
Maces & Flails | 5 |  5.3
Fighting       | |  3.7
Spellcasting   | |  1.6
Fire Magic     | |  3.7

Action                     |  1- 3 |  4- 6 || total
---------------------------+-------+-------++-------
  Melee: Mace              |    90 |     5 ||    95
         Punch             |       |     1 ||     1
 Armour: Robe              |    52 |     2 ||    54
  Dodge: Dodged            |    71 |     4 ||    75

Table legend: (Time is in decaauts)
 A = Elapsed time spent in this place.
 B = Non-inter-level travel time spent in this place.
 C = Inter-level travel time spent in this place.
 D = Time resting spent in this place.
 E = Time spent auto-exploring this place.
 F = Levels seen in this place.
 G = Mean time per level.
                   A        B        C        D        E       F      G
               +--------+--------+--------+--------+--------+-----+--------+
         Total |   1432 |   1345 |     87 |      0 |   1017 |   2 |  716.0 |
       Dungeon |   1432 |   1345 |     87 |      0 |   1017 |   2 |  716.0 |
               +--------+--------+--------+--------+--------+-----+--------+

Top non-repeatable levels by time:
     D:1: 886 daAuts
     D:2: 545 daAuts
